 Dungeon Crawl Stone Soup version 0.29-a0-870-g2c972031a6 (webtiles) character file.

Game seed: 6194837291682771122

225183 ytrimaz the Stormcaller (level 18, -8/88 HPs)
             Began as a Felid Summoner on July 15, 2022.
             Was a Priest of Jiyva.
             Mangled by a deep elf blademaster
             ... wielding a +0 rapier
              (28 damage)
             ... on level 3 of the Elven Halls on July 17, 2022.
             The game lasted 03:04:44 (53000 turns).

ytrimaz the Stormcaller (Felid Summoner)           Turns: 53000, Time: 03:04:44

Health: -8/88      AC: 17    Str:  2    XL:     18   Next: 17%
Magic:  17/40      EV: 38    Int: 38    God:    Jiyva [***...]
Gold:   196        SH:  0    Dex: 18    Spells: 20/51 levels left
                                        Lives:  0   Deaths: 5

rFire   . . .      SeeInvis +   (weapon unavailable)
rCold   . . .      Faith    .   (shield unavailable)
rNeg    . . .      Spirit   .   (body armour unavailable)
rPois   ∞          Reflect  .   (helmet unavailable)
rElec   +          Harm     .   (cloak unavailable)
rCorr   +          Rampage  .   (gloves unavailable)
Will    ++...                   (boots unavailable)
Stlth   ++........              H - amulet of Vitality {RegenMP++ Regen++}
HPRegen 2.96/turn               G - ring "Axiu" {Wiz rPois rCorr Str-2 Int+8}
MPRegen 1.42/turn               A - ring "Fiatedag" {rElec rPois Int+7 Slay-2}

@: storm-form, blinkbolt cooldown, flying, studying 2 skills
A: cleaving, insubstantial, flying, very small, (claws 1), (fangs 3), see
invisible, (speed 1), (shaggy fur 3), (stealthy paws), no weapons or thrown
items, no armour, multi-lived, subdued magic 1
}: 2/15 runes: barnacled, gossamer
a: Blinkbolt, End Transformation, Renounce Religion, Oozemancy


You were on level 3 of the Elven Halls.
You worshipped Jiyva.
Jiyva was most pleased with you.
You were a lightning-filled tempest!
You visited 8 branches of the dungeon, and saw 40 of its levels.
You also visited: Gauntlet and Wizlab.

You collected 13698 gold pieces.
You spent 7720 gold pieces at shops.
You paid 5782 gold pieces to Gozag.

Inventory:

Jewellery
 d - a +4 ring of protection
 k - a ring of willpower
 o - a ring of protection from cold
 t - a ring of poison resistance
 u - a ring of magical power
 z - an amulet of magic regeneration
 A - the ring "Fiatedag" (right paw) {rElec rPois Int+7 Slay-2}
   (You found it on level 10 of the Dungeon)

   [ring of poison resistance]

   Int:       It affects your intelligence (+7).
   Slay:      It affects your accuracy & damage with ranged weapons and melee
   (-2).
   rElec:     It insulates you from electricity.
   rPois:     It protects you from poison.
 D - a +6 ring of strength
 G - the ring "Axiu" (left paw) {Wiz rPois rCorr Str-2 Int+8}
   (You bought it in a shop on level 6 of the Lair of Beasts)

   [ring of wizardry]

   It improves your spell success rate.
   Str:       It affects your strength (-2).
   Int:       It affects your intelligence (+8).
   rPois:     It protects you from poison.
   rCorr:     It protects you from acid and corrosion.
 H - the amulet of Vitality (around neck) {RegenMP++ Regen++}
   (You bought it in a shop on level 6 of the Lair of Beasts)

   [amulet of magic regeneration]

   It increases your rate of magic regeneration.
   Regen:     It increases your rate of health regeneration.
 I - a +4 ring of protection
 M - a +4 ring of evasion
 N - a +6 ring of strength
 Q - an amulet of guardian spirit
Wands
 p - a wand of iceblast (10)
 s - a wand of light (25)
 x - a wand of charming (42)
 K - a wand of polymorph (23)
 S - a wand of mindburst (9)
Scrolls
 b - a scroll of summoning
 c - 4 scrolls of magic mapping
 j - 3 scrolls of fog
 n - 6 scrolls of enchant weapon
 q - a scroll of silence
 B - 16 scrolls of identify
 C - a scroll of poison
 J - a scroll of fear
Potions
 a - 4 potions of berserk rage
 e - 4 potions of attraction
 g - 10 potions of lignification
 h - 9 potions of ambrosia
 i - 2 potions of resistance
 l - 6 potions of might
 m - 3 potions of curing
 r - 7 potions of brilliance
 v - 2 potions of mutation
 w - 5 potions of magic
 E - 3 potions of flight
 O - 2 potions of haste
 T - a potion of heal wounds
 U - a potion of invisibility
Miscellaneous
 f - a phial of floods


   Skills:
 + Level 14.8 Fighting
 - Level 18.0 Dodging
 - Level 2.6 Stealth
 - Level 17.0 Spellcasting
 - Level 1.0 Conjurations
 - Level 5.0 Hexes
 - Level 13.0 Summonings
 - Level 1.0 Necromancy
 - Level 18.0 Translocations
 - Level 8.0 Transmutations
 - Level 0.9 Fire Magic
 - Level 1.0 Ice Magic
 - Level 18.0 Air Magic
 - Level 0.9 Earth Magic
 - Level 1.0 Poison Magic
 - Level 1.0 Invocations


You had 20 spell levels left.
You knew the following spells:

 Your Spells              Type           Power      Damage    Failure   Level
a - Summon Mana Viper     Hex/Summ       67%        N/A       1%          5
b - Call Canine Familiar  Summ           79%        N/A       0%          3
c - Summon Guardian Gole  Hex/Summ       67%        N/A       1%          3
d - Monstrous Menagerie   Summ           39%        N/A       1%          7
e - Manifold Assault      Tloc           92%        N/A       0%          5
f - Storm Form            Tmut/Air       39%        N/A       1%          7
g - Summon Small Mammal   Summ           100%       N/A       0%          1

Your spell library contained the following spells:

 Spells                   Type           Power      Damage    Failure   Level
 Apportation              Tloc           100%       N/A       0%          1
 Shock                    Conj/Air       100%       1d9       0%          1
 Blink                    Tloc           100%       N/A       0%          2
 Call Imp                 Summ           79%        N/A       0%          2
 Swiftness                Air            92%        N/A       0%          3
 Airstrike                Air            46%        0-15+     0%          4
 Summon Lightning Spire   Summ/Air       86%        N/A       0%          4
 Freeze                   Ice            100%       1d11      1%          1
 Magic Dart               Conj           100%       1d8       1%          1
 Necrotise                Necr           100%       1d9       1%          1
 Slow                     Hex            100%       N/A       1%          1
 Searing Ray              Conj           60%        2d6       1%          2
 Confusing Touch          Hex            52%        N/A       1%          3
 Conjure Flame            Conj/Fire      30%        6-21      1%          3
 Dazzling Flash           Conj/Hex       84%        N/A       1%          3
 Frozen Ramparts          Ice            60%        1d8       1%          3
 Ignite Poison            Fire/Tmut/Pois 44%        N/A       1%          3
 Inner Flame              Hex/Fire       42%        N/A       1%          3
 Ozocubu's Armour         Ice            30%        N/A       1%          3
 Stone Arrow              Conj/Erth      60%        3d10      1%          3
 Tukima's Dance           Hex            52%        N/A       1%          3
 Vampiric Draining        Necr           31%        2d8       1%          3
 Cause Fear               Hex            26%        N/A       1%          4
 Fulminant Prism          Conj/Hex       21%        3d13      1%          4
 Iskenderun's Mystic Bla  Conj/Tloc      69%        2d14      1%          4
 Summon Ice Beast         Ice/Summ       60%        N/A       1%          4
 Alistair's Intoxication  Tmut/Pois      33%        N/A       1%          5
 Blade Hands              Tmut           32%        N/A       1%          5
 Lightning Bolt           Conj/Air       34%        1d52      1%          5
 Silence                  Hex/Air        37%        N/A       1%          5
 Yara's Violent Unravell  Hex/Tmut       29%        3d12      1%          5
 Dispersal                Tloc           46%        N/A       1%          6
 Summon Cactus Giant      Summ           39%        N/A       1%          6
 Disjunction              Tloc           46%        N/A       1%          8
 Sticky Flame             Conj/Fire      30%        2d5       2%          4
 Metabolic Englaciation   Hex/Ice        21%        N/A       2%          5
 Agony                    Necr           31%        N/A       6%          5
 Iskenderun's Battlesphe  Conj           30%        2d8       6%          5
 Haunt                    Necr/Summ      30%        N/A       16%         7
 Spellforged Servitor     Conj/Summ      30%        N/A       16%         7
 Simulacrum               Ice/Necr       15%        N/A       32%         6
 Iron Shot                Conj/Erth      15%        9d4       34%         6
 Starburst                Conj/Fire      15%        6d6       34%         6
 Enfeeble                 Hex            26%        N/A       34%         7
 Dragon's Call            Summ           39%        N/A       83%         9
 Ozocubu's Refrigeration  Ice            15%        4d8       87%         7
 Discord                  Hex            26%        N/A       95%         8
 Lehudib's Crystal Spear  Conj/Erth      15%        10d5      100%        8
 Portal Projectile        Hex/Tloc       Unusable   N/A       N/A         3
 Animate Armour           Summ/Erth      Unusable   N/A       N/A         4

Dungeon Overview and Level Annotations

Branches:
Dungeon (15/15)            Temple (1/1) D:5            Lair (6/6) D:10
 Shoals (4/4) Lair:4       Spider (4/4) Lair:2        Slime (5/5) Lair:6
    Orc (2/2) D:10            Elf (3/3) Orc:2        Vaults (0/5) D:14
 Depths (0/4) D:15         WizLab (visited)         Gauntlet (visited)

Altars:
Ashenzari
Cheibriados
Dithmenos
Elyvilon
Fedhas
Gozag
Hepliaklqana
Kikubaaqudgha
Makhleb
Nemelex Xobeh
Okawaru
Qazlal
Ru
Sif Muna
Trog
Uskayaw
Vehumet
Wu Jian
Xom
Yredelemnul
Zin
The Shining One
Jiyva

Shops:
D:2 ?   Orc:2 *[[:   Elf:2 =   Lair:1 :*:   Lair:4 =   Lair:6 =

Portals:
Hell: Lair:6

Annotations:
Lair:4 2 transporters, buhh's ghost, journeyman MeTm
Elf:2 3 runed translucent doors


Innate Abilities, Weirdness & Mutations

You are a lightning-filled tempest!
Your electrical attacks strike out in all directions at once.
You are incredibly evasive.
Your insubstantial body is immune to petrification, constriction, and being set on fire You are flying.
You are immune to poison.
((You have sharp claws.))
((You have razor-sharp teeth.))
You have supernaturally acute eyesight. (SInv)
((You cover ground quickly. (Speed+)))
((Your thick and shaggy fur keeps you warm. (AC +3, rC+)))
((Your paws help you pounce on unaware monsters.))
You are incapable of wielding weapons or throwing items.
You cannot wear armour.
You gain extra lives every three experience levels.
Your spells are a little easier to cast, but a little less powerful.


Message History

The deep elf death mage moves out of view.
You hear a shout!
You swap places.
The deep elf blademaster hits your lindwurm with a +0 rapier!!
The deep elf blademaster hits your lindwurm with a +0 rapier!!!
Your lindwurm dies!
Your lindwurm's corpse disappears in a puff of smoke!
The deep elf master archer rages.
The jelly barely misses something.
Something hits the jelly!
The jelly is poisoned.
You hear a shout!
The deep elf blademaster is no longer covered in acid.
The deep elf blademaster hits you with a +0 rapier!
The deep elf blademaster completely misses you.
The deep elf blademaster hits you but does no damage.
The deep elf blademaster completely misses you.
The deep elf master archer rages.
The deep elf blademaster closely misses you.
The deep elf blademaster completely misses you.
The deep elf blademaster completely misses you. x2
Casting: Monstrous Menagerie (dangerous; 1% risk of failure)
Confirm with . or Enter, or press ? or * to list all spells.
You summon a lindwurm!
The deep elf blademaster completely misses you.
The deep elf blademaster hits you with a +0 rapier.
The deep elf blademaster hits you but does no damage.
The deep elf blademaster hits you with a +0 rapier!!!
* * * LOW HITPOINT WARNING * * *
Okay, then.
Okay, then.
Unknown command.
Aiming: Blinkbolt
Press: ? - help, Dir - move target, f - deep elf master archer
Aim: a deep elf master archer, wearing a +0 plate armour, wearing a ring of see invisible and quivering stones (moderately wounded, berserk, incited by Gozag, ally target, 89% to hit)
The shock of your passage hits the deep elf blademaster.
The deep elf blademaster is heavily wounded.
The shock of your passage hits the deep elf master archer!!!
The deep elf master archer is severely wounded.
The deep elf blademaster hits you with a +0 rapier!!
You die...

#.# #.##..........#.##.#
#.# #.##..........#.##.#
#.# #.###......#'##.##.#
#.# #.# #......#.##.##.#
#.# #.# #......#J##.##.#
####.#
#.###......#.##.##.#
.....#
#..##......#.##.##.######
######
##..#..###########.......
#.###eev..........#.####
#..#.k#############..#..
##...## #..... ##.##
#..#.. #.# #..... #J#
#.##.. #J# #.#### #e#
###.#### #.# #...#...


You could see a deep elf blademaster (berserk, incited), a deep elf master
archer (berserk, incited, ally target) and a friendly lindwurm (summoned).

Vanquished Creatures
  A deep elf sorcerer (Elf:3)
  4 emperor scorpions
  A ghost moth (Spider:3)
  2 deep elf demonologists (Elf:3)
  A deep elf annihilator (Elf:3)
  2 entropy weavers
  A deep elf death mage (Elf:3)
  A jorogumo (Spider:3)
  7 dancing weapons
  2 two-headed ogres (D:15)
  An orc high priest (Elf:1)
  3 deep elf knights
  A sun moth (Spider:1)
  A pharaoh ant (Spider:3)
  A sea snake (Shoals:4)
  4 deep elf archers
  4 deep elf zephyrmancers
  A harpy (Shoals:1)
  8 deep elf pyromancers
  7 wolf spiders
  2 moths of wrath
  2 torpor snails
  6 demonic crawlers
  3 meliai (Spider:2)
  A wind drake (Shoals:1)
  2 nameless horrors
  8 tarantellas
  2 merfolk
  2 snapping turtles
  4 culicivoras
  A dream sheep (Shoals:3)
  15 jumping spiders
  2 water elementals
  An air elemental (Elf:3)
  A fire elemental (Elf:2)
  A basilisk (D:15)
  18 redbacks
  A swamp worm (shapeshifter) (Elf:3)
  A water moccasin (Lair:1)
  An ogre (D:15)
  An earth elemental (Elf:1)
  An orc priest (D:11)
  An orc wizard (Elf:1)
  A shadow imp (D:6)
  A worm (D:3)
  5 orcs
  A bat (D:2)
  2 endoplasms
  2 giant cockroaches
  A hobgoblin (D:2)
  2 jackals (D:2)
  A ball python (D:1)
  A kobold (D:2)
147 creatures vanquished.

Vanquished Creatures (collateral kills)
  A deep elf blademaster (Elf:1)
  A deep elf master archer (Elf:1)
  Polyphemus (Shoals:4)
  Kirke (Shoals:1)
  Donald (Orc:2)
  4 deep elf sorcerers
  An orc warlord (Orc:2)
  A juggernaut zombie (D:14)
  A ghost moth (Spider:4)
  Louise (Spider:3)
  6 emperor scorpions
  A deep elf elementalist (Elf:3)
  2 broodmothers (Spider:1)
  A juggernaut skeleton (D:14)
  A caustic shrike skeleton (D:14)
  Nessos (Lair:4)
  An entropy weaver (Spider:2)
  2 deep elf demonologists
  3 deep elf annihilators
  3 merfolk javelineers (Shoals:4)
  2 spark wasps
  A deep elf death mage (Elf:3)
  6 merfolk impalers
  10 nameless horrors
  Josephine (D:13)
  A deep elf high priest (Elf:1)
  4 vault guards (D:14)
  6 boulder beetles
  2 ogre magi (D:15)
  3 catoblepae
  4 hydras
  3 centaur warriors
  3 merfolk aquamancers
  An alligator snapping turtle (Shoals:4)
  3 radroaches
  2 merfolk avatars
  A jorogumo (Spider:3)
  8 two-headed ogres
  3 death yaks (Shoals:4)
  14 dancing weapons
  Urug (D:11)
  A satyr (Shoals:3)
  A tengu warrior (D:15)
  4 orc high priests (Orc:2)
  Sonja (Lair:1)
  A sun demon (Lair:6)
  A hell knight (D:15)
  8 deep elf knights (Elf:1)
  2 soul eaters (D:14)
  A skeletal warrior (D:12)
  3 pharaoh ants
  12 sea snakes
  4 deep elf archers
  13 steelbarb worms
  2 sun moths
  An orb spider (Spider:4)
  2 wizards
  15 deep elf zephyrmancers
  A lindwurm (Lair:6)
  A tengu zombie (D:14)
  26 harpies
  2 mana vipers (shapeshifter)
  6 orc knights
  A necromancer (D:15)
  8 orc sorcerers
  An iron dragon zombie (D:14)
  14 deep elf pyromancers
  5 ugly things
  17 wolf spiders
  15 manticores
  4 cyclopes
  7 fauns
  A frost giant zombie (D:14)
  A tengu skeleton (D:14)
  13 merfolk sirens
  10 elephants (Lair:4)
  A moth of wrath (Spider:3)
  A sphinx skeleton (D:14)
  A frost giant skeleton (D:14)
  A stone giant skeleton (D:14)
  6 water nymphs
  3 torpor snails
  9 black mambas
  A smoke demon (Lair:6)
  11 cane toads
  Psyche (D:8)
  3 demonic crawlers
  3 kobold demonologists (D:10)
  An unseen horror (D:10)
  An ice devil (Lair:6)
  5 rime drakes
  A yaktaur (D:14)
  13 komodo dragons
  4 tengu conjurers
  27 merfolk
  4 red devils (Lair:6)
  A queen bee (D:13)
  8 meliai
  6 trolls
  4 wind drakes (Shoals:4)
  16 blink frogs
  3 polar bears
  21 slime creatures
  16 dream sheep
  7 snapping turtles
  16 tarantellas
  A centaur simulacrum (D:15)
  19 jumping spiders
  2 air elementals (Elf:1)
  24 culicivoras
  A jumping spider (shapeshifter) (D:13)
  50 yaks
  2 wyverns
  14 water elementals
  6 basilisks
  5 hogs (Shoals:1)
  6 wraiths
  A fire elemental (Elf:3)
  A human (D:14)
  56 redbacks
  2 vampire mosquitoes (D:11)
  5 wargs
  14 water moccasins
  4 hell hounds (Lair:6)
  5 acid dragons
  29 orc warriors
  2 sky beasts
  2 black bears
  8 ogres
  4 centaurs
  4 lemures (D:7)
  12 wolves
  A phantom (D:5)
  5 kobold brigands
  10 bullfrogs
  2 necrophages (D:6)
  2 scorpions
  2 earth elementals
  5 wights (D:8)
  13 killer bees
  2 electric eels
  4 howler monkeys
  2 hounds (D:4)
  27 orc priests
  A gnoll bouda (Lair:6)
  16 jellies
  4 iguanas
  Terence (D:2)
  22 orc wizards
  3 gnolls (D:4)
  3 adders
  A shadow imp (D:8)
  4 white imps
  An ufetubus (D:6)
  3 dart slugs
  55 orcs
  7 bats
  11 endoplasms
  4 giant cockroaches
  A goblin (D:1)
  11 hobgoblins
  3 quokkas
  5 ball pythons
  8 frilled lizards (D:2)
  25 kobolds
  4 rats
  A spectral hobgoblin (D:5)
  A tentacle (Shoals:3)
1062 creatures vanquished.

Vanquished Creatures (others)
  Bai Suzhen (Shoals:4)
  Rupert (D:14)
  A kraken (Shoals:3)
  An entropy weaver (Spider:3)
  A merfolk impaler (Shoals:4)
  A merfolk javelineer (Shoals:4)
  4 hydras
  A boulder beetle (D:11)
  A jorogumo (Spider:3)
  An ogre mage (D:15)
  2 two-headed ogres
  A deep elf knight (Elf:2)
  A soul eater (D:14)
  2 pharaoh ants
  2 skeletal warriors (D:12)
  A deep troll (D:15)
  A wizard (Lair:6)
  Pikel (D:7)
  2 deep elf archers
  3 harpies
  A deep elf pyromancer (Elf:1)
  An orc knight (Orc:2)
  2 deep elf zephyrmancers
  A wolf spider (Spider:4)
  An ugly thing (D:12)
  2 cyclopes
  A manticore (Shoals:1)
  A moth of wrath (Spider:3)
  A faun (Shoals:3)
  An elephant (Lair:4)
  Maurice (D:11)
  Joseph (D:7)
  A cane toad (Lair:5)
  A rime drake (Lair:6)
  An ice devil (Lair:6)
  A tengu conjurer (D:14)
  A troll (D:10)
  A meliai (D:13)
  A merfolk (Shoals:3)
  2 hornets
  5 dream sheep (Lair:6)
  A culicivora (Spider:3)
  A shadow (D:9)
  A wyvern (D:8)
  Eustachio (D:5)
  12 yaks
  2 vampire mosquitoes (D:11)
  Menkaure (D:5)
  3 water moccasins
  4 orc warriors
  7 ogres
  2 centaurs
  2 bullfrogs (D:7)
  A kobold brigand (D:7)
  A scorpion (D:5)
  5 wights
  9 killer bees
  32 jellies
  A gnoll bouda (D:4)
  2 hounds (D:5)
  An iguana (D:5)
  An orc wizard (Orc:2)
  5 gnolls
  An adder (D:4)
  A white imp (D:5)
  An orc (D:10)
  4 kobolds
  58 fungi
  67 plants
  7 tentacles (Shoals:3)
  10 toadstools (D:2)
301 creatures vanquished.

Grand Total: 1510 creatures vanquished

Notes
Turn   | Place    | Note
-------+----------+-------------------------------------------
     0 | D:1      | ytrimaz the Felid Summoner began the quest for the Orb.
     0 | D:1      | Reached XP level 1. HP: 7/7 MP: 4/4
   225 | D:1      | Reached XP level 2. HP: 11/11 MP: 3/6
   228 | D:1      | Learned a level 2 spell: Call Imp
   280 | D:1      | Found a faded altar of an unknown god.
   800 | D:2      | Reached XP level 3. HP: 11/14 MP: 7/7
   804 | D:2      | Learned a level 3 spell: Call Canine Familiar
   908 | D:2      | Found Dacommaf's Magic Scroll Shoppe.
  1658 | D:2      | Reached skill level 5 in Summonings
  1833 | D:2      | Noticed Terence
  1906 | D:2      | Killed Terence
  1907 | D:2      | Reached XP level 4. HP: 18/18 MP: 1/9
  2506 | D:2      | Learned a level 3 spell: Summon Guardian Golem
  2611 | D:2      | Reached XP level 5. HP: 21/21 MP: 4/11
  4159 | D:4      | Gained mutation: You are covered in thick fur. (AC +2)
                  | [Felid growth]
  4159 | D:4      | Reached XP level 6. HP: 24/24 MP: 7/13
  4164 | D:4      | Learned a level 4 spell: Summon Lightning Spire
  4260 | D:4      | Reached skill level 1 in Hexes
  4574 | D:4      | Found a glowing silver altar of Zin.
  5014 | D:5      | Entered Level 5 of the Dungeon
  5247 | D:5      | Reached XP level 7. HP: 27/27 MP: 7/14
  5333 | D:5      | Found a shimmering altar of Xom.
  5576 | D:5      | Noticed Eustachio
  5982 | D:5      | Found a hazy altar of Hepliaklqana.
  6132 | D:5      | Found a staircase to the Ecumenical Temple.
  6219 | D:5      | Killed Eustachio
  6220 | D:5      | Reached skill level 5 in Hexes
  6220 | D:5      | Reached XP level 8. HP: 31/31 MP: 11/15
  6729 | D:5      | Noticed Menkaure
  6744 | D:5      | Killed Menkaure
  6750 | Temple   | Entered the Ecumenical Temple
  7198 | Temple   | Became a worshipper of Gozag Ym Sagoz the Greedy
  8883 | D:6      | Reached skill level 10 in Summonings
  8921 | D:6      | Reached skill level 5 in Spellcasting
  9698 | D:6      | Found a basalt altar of Yredelemnul.
  9698 | D:6      | Found a white marble altar of Elyvilon.
  9698 | D:6      | Found a stormy altar of Qazlal.
  9700 | D:6      | Found an iron altar of Okawaru.
  9775 | D:6      | Identified a scroll of acquirement
  9776 | D:6      | Acquired the Discursus on Hiemal Rallying
  9836 | D:7      | Noticed a two-headed ogre
  9844 | D:7      | Killed a two-headed ogre
  9845 | D:7      | Reached XP level 9. HP: 34/34 MP: 11/21
 10492 | D:7      | Reached skill level 1 in Air Magic
 10680 | D:7      | You fall into a shaft and drop 2 floors!
 10723 | D:7      | Noticed Pikel
 10786 | D:7      | Killed Pikel
 11133 | D:7      | Noticed Joseph
 11148 | D:7      | Killed Joseph
 11149 | D:7      | Reached skill level 5 in Air Magic
 11485 | D:8      | Noticed Psyche
 11966 | D:8      | Engulfed by their own flame
 11967 | D:8      | Reached XP level 8. HP: -2/31 MP: 17/21
 12050 | D:8      | Reached XP level 9. HP: 23/34 MP: 19/22
 12168 | D:8      | Reached skill level 1 in Translocations
 12168 | D:8      | Reached skill level 1 in Transmutations
 12179 | D:8      | Killed Psyche
 12180 | D:8      | Reached skill level 1 in Fighting
 12180 | D:8      | Reached skill level 1 in Conjurations
 12180 | D:8      | Reached skill level 1 in Necromancy
 12180 | D:8      | Reached skill level 1 in Ice Magic
 12180 | D:8      | Reached skill level 1 in Poison Magic
 12180 | D:8      | Reached skill level 1 in Invocations
 12532 | D:8      | Reached skill level 5 in Dodging
 13181 | D:8      | Reached XP level 10. HP: 36/42 MP: 13/23
 14926 | D:9      | Reached skill level 10 in Dodging
 15268 | D:9      | Found a bloodstained altar of Trog.
 15268 | D:9      | Found a snail-covered altar of Cheibriados.
 15302 | D:9      | Reached skill level 5 in Fighting
 15523 | D:10     | Entered Level 10 of the Dungeon
 15555 | D:10     | Noticed a sixfirhy
 15555 | D:10     | Noticed a sun demon
 15557 | D:10     | Noticed a smoke demon
 15786 | D:10     | Reached XP level 11. HP: 48/48 MP: 19/24
 15827 | D:10     | Identified the ring "Fiatedag" {rElec rPois Int+7 Slay-2}
 16113 | D:10     | Found a staircase to the Lair.
 16194 | D:10     | Noticed a two-headed ogre
 16202 | D:10     | Killed a two-headed ogre
 16240 | D:10     | Found a staircase to the Orcish Mines.
 17402 | D:2      | Bought a scroll of identify for 26 gold pieces
 17763 | D:11     | Noticed a two-headed ogre
 17776 | D:11     | Killed a two-headed ogre
 17809 | D:11     | Noticed Maurice
 18115 | D:11     | Noticed a boulder beetle
 18162 | D:11     | Killed a boulder beetle
 18459 | D:11     | Noticed Urug
 18496 | D:11     | Killed Maurice
 18544 | D:11     | Killed Urug
 18545 | D:11     | Reached skill level 10 in Fighting
 18845 | D:12     | Noticed a purple ugly thing
 18891 | D:12     | Killed a purple ugly thing
 19070 | D:12     | Noticed a skeletal warrior
 19098 | D:12     | Noticed a skeletal warrior
 19098 | D:12     | Killed a skeletal warrior
 19099 | D:12     | Gained mutation: Your thick and shaggy fur keeps you warm.
                  | (AC +3, rC+) [Felid growth]
 19099 | D:12     | Reached XP level 12. HP: 59/59 MP: 25/25
 19833 | Orc:1    | Entered Level 1 of the Orcish Mines
 20140 | Orc:1    | Killed from afar by an orc sorcerer
 20141 | Orc:1    | Reached XP level 11. HP: -1/48 MP: 19/24
 20224 | Orc:1    | Killed an orc sorcerer
 20408 | Orc:1    | Noticed an orc sorcerer
 20419 | Orc:1    | Killed an orc sorcerer
 21177 | Orc:2    | Entered Level 2 of the Orcish Mines
 21217 | Orc:2    | Noticed an orc sorcerer
 21218 | Orc:2    | Paralysed by an orc sorcerer for 2 turns
 21231 | Orc:1    | Killed an orc sorcerer
 21312 | Orc:2    | Noticed an orc warlord
 21379 | Orc:1    | Learned a level 7 spell: Monstrous Menagerie
 21379 | Orc:1    | Noticed a nameless horror
 21388 | Orc:1    | Killed a nameless horror
 21481 | Lair:1   | Entered Level 1 of the Lair of Beasts
 21488 | Lair:1   | Noticed Sonja
 21539 | Lair:1   | Killed Sonja
 21768 | Lair:1   | Bought the Enchiridion on Voltaic Illusion for 588 gold
                  | pieces
 21768 | Lair:1   | Bought an Inescapable Atlas for 476 gold pieces
 21774 | Lair:1   | Learned a level 5 spell: Summon Mana Viper
 21775 | Lair:1   | Acquired 1103 gold pieces
 21933 | Lair:1   | Reached XP level 12. HP: 60/60 MP: 12/25
 22439 | Orc:2    | Noticed an orc high priest
 22471 | Orc:2    | Killed an orc high priest
 23033 | Orc:2    | Killed an orc warlord
 23469 | Orc:2    | Noticed an orc high priest
 23472 | Orc:2    | Gained mutation: Your spells are a little easier to cast,
                  | but a little less powerful. [a neqoxec]
 23484 | Orc:2    | Killed from afar by an orc high priest
 23485 | Orc:2    | Reached XP level 11. HP: -6/57 MP: 22/24
 23617 | Orc:2    | Killed an orc high priest
 23671 | Orc:2    | Noticed Donald
 23698 | Orc:2    | Killed Donald
 23719 | Orc:2    | Noticed an orc high priest
 23907 | Orc:2    | Killed an orc high priest
 23908 | Orc:2    | Reached XP level 12. HP: 45/61 MP: 15/25
 24138 | Orc:2    | Noticed an orc high priest
 24148 | Orc:2    | Killed an orc high priest
 24160 | Orc:2    | Paralysed by an orc sorcerer for 2 turns
 24174 | Orc:2    | Found Kaef's Book Shoppe.
 24199 | Orc:2    | Found Kauseda's Armour Boutique.
 24205 | Orc:2    | Found Acwem's Armour Boutique.
 24208 | Orc:2    | Found Xibash's Assorted Antiques.
 24807 | Orc:2    | Found a staircase to the Elven Halls.
 25088 | Lair:1   | Found a shimmering blue altar of Sif Muna.
 25242 | Lair:1   | Identified the +2 great sword "Baafuxt" {vorpal, *Rage rN+
                  | Dex+3}
 25723 | Lair:2   | Identified the +1 ring mail of Dim Light {rPois rCorr}
 25884 | Lair:2   | Noticed a catoblepas
 25904 | Lair:2   | Killed a catoblepas
 26062 | Lair:2   | Found a hole to the Spider Nest.
 26104 | Lair:2   | Reached skill level 10 in Air Magic
 26117 | Lair:2   | Noticed a seven-headed hydra
 26130 | Lair:2   | Killed a seven-headed hydra
 26260 | Lair:2   | You fall into a shaft and drop 1 floor!
 26298 | Lair:3   | Noticed a six-headed hydra
 26304 | Lair:3   | Killed a six-headed hydra
 26433 | Lair:3   | Noticed a seven-headed hydra
 26443 | Lair:3   | Killed a seven-headed hydra
 26531 | Lair:3   | Noticed a six-headed hydra
 26550 | Lair:3   | Killed a six-headed hydra
 26787 | Lair:3   | Noticed a five-headed hydra
 26806 | Lair:3   | Killed a five-headed hydra
 27424 | Lair:3   | Reached XP level 13. HP: 57/64 MP: 24/26
 28019 | Lair:4   | Noticed Nessos
 28029 | Lair:4   | Killed Nessos
 28457 | Lair:4   | Found a transporter.
 28472 | Lair:4   | Noticed buhh's ghost (journeyman MeTm)
 28476 | Lair:4   | Found a transporter.
 29006 | Lair:4   | Found a staircase to the Shoals.
 30750 | Lair:6   | Entered Level 6 of the Lair of Beasts
 31008 | Lair:6   | Found a staircase to the Slime Pits.
 31045 | Lair:6   | Reached XP level 14. HP: 25/69 MP: 14/27
 32319 | Lair:6   | Found a viscous altar of Jiyva.
 32762 | Lair:6   | Reached skill level 15 in Air Magic
 32891 | Lair:6   | Found a burning altar of Makhleb.
 32932 | Lair:6   | Found a gateway to Hell.
 33051 | Lair:6   | Bought the ring "Axiu" {Wiz rPois rCorr Str-2 Int+8} for
                  | 950 gold pieces
 33051 | Lair:6   | Bought the amulet of Vitality {RegenMP++ Regen++} for 1600
                  | gold pieces
 33051 | Lair:6   | Found the amulet of Vitality {RegenMP++ Regen++}
 33584 | D:13     | Noticed Josephine
 33924 | D:13     | Killed Josephine
 34491 | D:14     | Found a gate leading to a gauntlet.
 34503 | D:14     | Noticed Rupert
 34521 | Gauntlet | Entered a Gauntlet
 34521 | Gauntlet | Found a transporter.
 34531 | Gauntlet | Found a runed translucent gate.
 34531 | Gauntlet | Found a runed translucent gate.
 34531 | Gauntlet | Found a runed translucent gate.
 34533 | Gauntlet | Found a transporter.
 34536 | Gauntlet | Found a transporter.
 34537 | Gauntlet | Found a transporter.
 34545 | Gauntlet | Found a transporter.
 34548 | Gauntlet | Found a transporter.
 34549 | Gauntlet | Found a transporter.
 34559 | Gauntlet | Found a transporter.
 34561 | Gauntlet | Found a transporter.
 34562 | Gauntlet | Found a transporter.
 34574 | Gauntlet | Found a transporter.
 34575 | Gauntlet | Found a transporter.
 34579 | Gauntlet | Found a transporter.
 34583 | Gauntlet | Found a transporter.
 34815 | D:14     | Killed Rupert
 35199 | D:14     | Reached XP level 15. HP: 72/72 MP: 26/28
 35209 | D:14     | Found a gate to the Vaults.
 35959 | D:14     | Found the +4 Cigotuvi's embrace {rMiasma Drain rN+}
 36043 | D:15     | Entered Level 15 of the Dungeon
 36235 | D:15     | Learned a level 7 spell: Storm Form
 36539 | D:15     | Found a staircase to the Depths.
 36576 | D:15     | Found an ornate altar of the Wu Jian Council.
 36743 | D:15     | Paralysed by an ogre mage for 3 turns
 36752 | D:15     | Mangled by a two-headed ogre
 36753 | D:15     | Reached XP level 14. HP: -11/69 MP: 23/27
 36880 | D:15     | Identified the +1 leather armour of the Frog {rC++ Slay+4
                  | Stlth-}
 37043 | D:15     | Reached skill level 5 in Translocations
 37521 | Shoals:1 | Entered Level 1 of the Shoals
 37631 | Shoals:1 | Reached skill level 10 in Spellcasting
 37646 | Shoals:1 | Noticed Kirke
 37670 | Shoals:1 | Killed Kirke
 37671 | Shoals:1 | Reached XP level 15. HP: 72/72 MP: 20/30
 38168 | Shoals:1 | Reached skill level 10 in Translocations
 38678 | Shoals:2 | Upgraded the game from 0.29-a0-845-g6161e89988 to
                  | 0.29-a0-870-g2c972031a6
 39106 | Shoals:3 | Noticed a kraken
 39905 | Shoals:4 | Entered Level 4 of the Shoals
 39905 | Shoals:4 | Noticed Polyphemus
 39918 | Shoals:4 | Reached skill level 15 in Translocations
 39918 | Shoals:4 | Killed Polyphemus
 40007 | Shoals:4 | Noticed Bai Suzhen
 40077 | Shoals:4 | Reached XP level 16. HP: 48/76 MP: 13/31
 40096 | Shoals:4 | Killed Bai Suzhen
 40347 | Shoals:3 | Killed a kraken
 41158 | Shoals:4 | Got a barnacled rune of Zot
 41881 | Lair:1   | Bought a manual of Spellcasting for 1360 gold pieces
 42346 | Spider:1 | Entered Level 1 of the Spider Nest
 42368 | Spider:1 | Learned a level 5 spell: Manifold Assault
 42830 | Spider:1 | Reached skill level 15 in Dodging
 43838 | Spider:2 | Reached skill level 5 in Transmutations
 43908 | Spider:2 | Reached XP level 17. HP: 79/79 MP: 14/32
 44187 | Lair:1   | Bought a manual of Fighting for 1360 gold pieces
 45160 | Spider:3 | Noticed Louise
 45185 | Spider:3 | Killed Louise
 45400 | Spider:3 | Slain by a pharaoh ant
 45401 | Spider:3 | Reached XP level 16. HP: -4/76 MP: 25/31
 46462 | Spider:4 | Entered Level 4 of the Spider Nest
 47195 | Spider:4 | Reached XP level 17. HP: 79/79 MP: 2/35
 47404 | Spider:4 | Got a gossamer rune of Zot
 47410 | Spider:4 | Identified the +2 pair of boots of Compassion {rF- Dex+4
                  | SInv}
 47597 | Lair:1   | Bought a manual of Necromancy for 1360 gold pieces
 47705 | Lair:6   | Fell from the grace of Gozag
 47705 | Lair:6   | Became a worshipper of Jiyva Jaiss the Shapeless
 47770 | Slime:1  | Entered Level 1 of the Pits of Slime
 47860 | Slime:2  | Noticed an acid blob
 47861 | Slime:2  | Noticed an acid blob
 47867 | Slime:2  | Noticed an acid blob
 47919 | Slime:2  | Noticed an acid blob
 47996 | Slime:2  | Noticed an acid blob
 48025 | Slime:2  | Noticed an acid blob
 48288 | Slime:2  | Noticed an acid blob
 48366 | Slime:3  | Noticed an acid blob
 48390 | Slime:3  | Noticed an acid blob
 48697 | Slime:4  | Noticed an acid blob
 48713 | Slime:4  | Noticed an acid blob
 48757 | Slime:4  | Noticed an acid blob
 48900 | Slime:5  | Entered Level 5 of the Pits of Slime
 48941 | Slime:5  | Noticed an acid blob
 48942 | Slime:5  | Noticed an acid blob
 48942 | Slime:5  | Noticed an acid blob
 48963 | Slime:5  | Noticed an acid blob
 48984 | Slime:5  | Noticed an acid blob
 48987 | Slime:5  | Noticed an acid blob
 49032 | Slime:5  | Noticed an acid blob
 49032 | Slime:5  | Noticed an acid blob
 49054 | Slime:5  | Found a viscous altar of Jiyva.
 49079 | Slime:5  | Noticed an acid blob
 49123 | Slime:5  | Noticed an acid blob
 49126 | Slime:5  | Noticed an acid blob
 49475 | Elf:1    | Entered Level 1 of the Elven Halls
 49560 | Elf:1    | Identified the +7 sling "Pico" {flame, rF++ Str+5 Int-5}
 49727 | Elf:1    | Reached * piety under Jiyva
 49806 | Elf:1    | Reached skill level 15 in Spellcasting
 49977 | Elf:1    | Found a huge runed gate.
 49977 | Elf:1    | Found a huge runed gate.
 49977 | Elf:1    | Found a huge runed gate.
 49977 | Elf:1    | Found a huge runed gate.
 49977 | Elf:1    | Found a huge runed gate.
 49977 | Elf:1    | Found a huge runed gate.
 49977 | Elf:1    | Found a huge runed gate.
 49977 | Elf:1    | Found a huge runed gate.
 49978 | Elf:1    | Found a huge runed gate.
 49979 | Elf:1    | Found a huge runed gate.
 50206 | Elf:1    | Found a huge runed gate.
 50206 | Elf:1    | Found a huge runed gate.
 50206 | Elf:1    | Found a huge runed gate.
 50206 | Elf:1    | Found a huge runed gate.
 50206 | Elf:1    | Found a huge runed gate.
 50208 | Elf:1    | Found a huge runed gate.
 50208 | Elf:1    | Found a huge runed gate.
 50209 | Elf:1    | Found a huge runed gate.
 50209 | Elf:1    | Found a huge runed gate.
 50225 | Elf:1    | Found a huge runed gate.
 50225 | Elf:1    | Found a huge runed gate.
 50225 | Elf:1    | Found a huge runed gate.
 50225 | Elf:1    | Found a huge runed gate.
 50225 | Elf:1    | Found a huge runed gate.
 50225 | Elf:1    | Found a huge runed gate.
 50226 | Elf:1    | Found a huge runed gate.
 50227 | Elf:1    | Found a huge runed gate.
 50228 | Elf:1    | Found a huge runed gate.
 50241 | Elf:1    | Found a huge runed gate.
 50241 | Elf:1    | Found a huge runed gate.
 50241 | Elf:1    | Found a huge runed gate.
 50241 | Elf:1    | Found a huge runed gate.
 50242 | Elf:1    | Found a huge runed gate.
 50243 | Elf:1    | Found a huge runed gate.
 50244 | Elf:1    | Found a huge runed gate.
 50245 | Elf:1    | Found a huge runed gate.
 50630 | Elf:1    | Noticed a deep elf blademaster
 50630 | Elf:1    | Noticed a deep elf master archer
 50648 | Elf:1    | Killed a deep elf blademaster
 50668 | Elf:1    | Killed a deep elf master archer
 50951 | Elf:2    | Reached ** piety under Jiyva
 51069 | Elf:2    | Found a magical portal.
 51074 | WizLab   | Entered Yara's Duelist Academy
 51079 | WizLab   | Noticed a quicksilver dragon
 51246 | Elf:2    | Found Qaci's Jewellery Shoppe.
 51394 | Elf:2    | Found a runed translucent gate.
 51394 | Elf:2    | Found a runed translucent gate.
 51394 | Elf:2    | Found a runed translucent gate.
 51634 | Elf:2    | Noticed a deep elf blademaster
 51676 | Elf:3    | Entered Level 3 of the Elven Halls
 52224 | Elf:3    | Reached XP level 18. HP: 85/85 MP: 31/40
 52379 | Elf:3    | Reached *** piety under Jiyva
 52845 | Elf:3    | Identified the +8 morningstar "Qiubiobi" {vorpal, rElec
                  | SInv}
 53000 | Elf:3    | Mangled by a deep elf blademaster

Illustrated notes

Levels and vault maps discovered:
D:1:      scummos_arrival_forest, layout_basic,
          hellmonk_ecumenical_altar_zigzags, minmay_tetromino_s2
D:2:      cheibrodos_fertilizer, layout_basic, serial_shops, shop,
          minmay_lizard_pond, uniq_terence
D:3:      layout_loops_cross
D:4:      layout_rooms, mainiacjoe_overflow_surrounded_room
D:5:      layout_loops_ring, nicolae_hepliaklqana_monster_ancestors,
          general_overflow_altar, minmay_temple_entry_sparse_star, minivault_5,
          uniq_eustachio, uniq_menkaure
D:6:      layout_loops_ring, minitemple
D:7:      layout_loops_ring, uniq_pikel, uniq_joseph
D:8:      layout_basic, st_stairs_4, uniq_psyche
D:9:      layout_irregular_city, gammafunk_temple_overflow_elements,
          serial_park_tiny_1, serial_park_tiny_2
D:10:     layout_roguey, lair_entry_dummy, minmay_orc_entry_temple_small
D:11:     layout_basic, uniq_maurice, uniq_urug
D:12:     layout_long_grid
D:13:     layout_cave_pools, special_room [special_room_bee], uniq_josephine
D:14:     layout_rooms, grunt_vaults_entry_fortified, gauntlet_entry_generic,
          serial_curves, eino_curves_02, eino_curves_01,
          hellmonk_guarded_unrand_cigotuvi, uniq_rupert
D:15:     hangedman_depths_entry_civil_slaughter, layout_loops_corners,
          nrook_mini_vaults, nzn_wu_jian_contemplation
Temple:   oiseaux_autumnal_temple
Lair:1:   layout_regular_city, basic_altar, lemuel_fruit_tree, uniq_sonja
Lair:2:   layout_regular_city, spider_nest_entry_web_field, serial_rivers,
          chequers_serial_rivers_small_3, chequers_serial_rivers_marsh,
          chequers_serial_rivers_room_b, chequers_serial_rivers_micro_a,
          serial_bayou_shore_a
Lair:3:   layout_concentric_octagons, minivault_19
Lair:4:   nzn_winding_woodlands_small [nzn_winding_woodlands_5x15_sidewinder,
          nzn_winding_woodlands_center_diamonds,
          nzn_winding_woodlands_5x15_twine], layout_gridlike,
          elwin_shoals_entry_rocks, gammafunk_ghost_arena,
          kennysheep_catoblepas_arena, infiniplex_staircase_pool, uniq_nessos
Lair:5:   layout_cave_pods, beast_lair_carwin_5
Lair:6:   evil_forest, layout_regular_city, minmay_slime_entry_jelly_boxes,
          dreamdust_gnoll_shepherd
Shoals:1: cheibrodos_shoals_baths, layout_shoals, nicolae_shoals_land_atoll,
          nicolae_shoals_stone_sculpture_thing, uniq_kirke
Shoals:2: layout_shoals
Shoals:3: layout_shoals
Shoals:4: shoals_end_simple, layout_shoals, uniq_bai_suzhen, uniq_polyphemus
Spider:1: layout_cave_pods, nicolae_spider_nooks_and_crannies,
          hangedman_spider_tarantella_strand
Spider:2: layout_cave_pods
Spider:3: nicolae_spider_hilbert_zone_3 [nicolae_spider_hilbert_4_sides_2_open,
          nicolae_spider_hilbert_3_sides_1_open,
          nicolae_spider_hilbert_3_sides_1_open,
          nicolae_spider_hilbert_3_sides_1_open,
          nicolae_spider_hilbert_3_sides_1_open,
          nicolae_spider_hilbert_4_sides_1_open,
          nicolae_spider_hilbert_4_sides_1_open,
          nicolae_spider_hilbert_4_sides_1_open,
          nicolae_spider_hilbert_4_sides_1_open,
          nicolae_spider_hilbert_4_sides_1_open,
          nicolae_spider_hilbert_4_sides_1_open,
          nicolae_spider_hilbert_4_sides_1_open,
          nicolae_spider_hilbert_4_sides_1_open,
          nicolae_spider_hilbert_3_sides_1_open,
          nicolae_spider_hilbert_3_sides_1_open,
          nicolae_spider_hilbert_3_sides_1_open,
          nicolae_spider_hilbert_3_sides_1_open], uniq_louise
Spider:4: grunt_spider_rune_circles
Slime:1:  layout_caves, cheibrodos_slime_lost_civilization_7
Slime:2:  layout_caves, nicolae_slime_round_cave
Slime:3:  layout_caves
Slime:4:  layout_caves
Slime:5
Orc:1:    layout_caves, basic_altar, mines_bat_river
Orc:2:    st_orc_elflike, layout_diamond_mine, uniq_donald
Elf:1:    layout_onion_city, hangedman_elf_represent, minmay_misc_feat_rows,
          door_vault
Elf:2:    nicolae_elf_blades_crystal_corner, layout_geoelf_grid,
          mu_enter_wizlab_1, serial_shops, shop, minivault_23
Elf:3:    elf_hall_gauntlet_narrow, layout_gridlike,
          nicolae_elf_big_sculpture_1, grunt_megastairs_3

Skill      XL: |  1  2  3  4  5  6  7  8  9 10 11 12 13 14 15 16 17 18 |
---------------+-------------------------------------------------------+-----
Summonings     | 5 6 7 8 10 12 13 | 13.0
Spellcasting   | 3 4 7 8 10 13 17 | 17.0
Hexes          | 3 5 |  5.0
Air Magic      | 5 8 11 14 16 18 | 18.0
Dodging        | 6 11 12 18 17 | 18.0
Translocations | 1 7 16 18 | 18.0
Transmutations | 1 8 7 |  8.0
Fighting       | 3 5 10 12 13 14 | 14.8
Conjurations   | 1 |  1.0
Necromancy     | 1 |  1.0
Ice Magic      | 1 |  1.0
Poison Magic   | 1 |  1.0
Invocations    | 1 |  1.0
Stealth        | |  2.6
Fire Magic     | |  0.9
Earth Magic    | |  0.9

Action                   |  1- 3 |  4- 6 |  7- 9 | 10-12 | 13-15 | 16-18 || total
-------------------------+-------+-------+-------+-------+-------+-------++-------
Melee: Unarmed           |    32 |    39 |    34 |    73 |    83 |   740 ||  1001
       Bite              |     5 |    10 |     2 |     7 |     3 |       ||    27
       Punch             |       |       |     1 |     1 |     2 |     7 ||    11
 Cast: Summon Small Mamm |     9 |       |     6 |     8 |     2 |       ||    25
       Call Imp          |    20 |    21 |       |       |       |       ||    41
       Call Canine Famil |     7 |    25 |    55 |   104 |    73 |    43 ||   307
       Summon Guardian G |       |     8 |    65 |   142 |    90 |    46 ||   351
       Summon Lightning  |       |       |     8 |   115 |    62 |       ||   185
       Summon Mana Viper |       |       |       |    97 |   144 |    59 ||   300
       Monstrous Menager |       |       |       |    11 |   203 |   307 ||   521
       Storm Form        |       |       |       |       |    23 |   113 ||   136
       Manifold Assault  |       |       |       |       |       |   118 ||   118
Invok: Call Merchant     |       |       |       |     2 |     2 |     1 ||     5
       Potion Petition   |       |       |       |       |     1 |       ||     1
 Abil: Blinkbolt         |       |       |       |       |     1 |     6 ||     7
  Use: Scroll            |     5 |     8 |     9 |    16 |    12 |     7 ||    57
       Potion            |       |       |     4 |     8 |    10 |     3 ||    25
 Stab: Betrayed ally     |       |       |       |     2 |       |       ||     2
       Distracted        |       |       |       |     1 |     1 |    26 ||    28
       Confused          |       |       |       |       |       |     1 ||     1
       Paralysed         |       |       |       |       |       |     1 ||     1
Armor: Skin              |     9 |    11 |    15 |    31 |    36 |   161 ||   263
Dodge: Dodged            |    50 |    45 |   111 |   315 |   451 |  1386 ||  2358

Table legend: (Time is in decaauts)
 A = Elapsed time spent in this place.
 B = Non-inter-level travel time spent in this place.
 C = Inter-level travel time spent in this place.
 D = Time resting spent in this place.
 E = Time spent auto-exploring this place.
 F = Levels seen in this place.
 G = Mean time per level.
                   A        B        C        D        E       F      G
               +--------+--------+--------+--------+--------+-----+--------+
         Total |  48042 |  45073 |   2969 |   7067 |  24256 |  42 | 1143.9 |
       Dungeon |  21308 |  20048 |   1260 |   3851 |  10900 |  15 | 1420.5 |
        Temple |    414 |    382 |     32 |      0 |    370 |   1 |  414.0 |
          Lair |   8361 |   7392 |    969 |    532 |   4751 |   6 | 1393.5 |
        Shoals |   4195 |   4022 |    173 |    520 |   1882 |   4 | 1048.8 |
   Spider Nest |   4875 |   4701 |    174 |    314 |   2478 |   4 | 1218.8 |
    Slime Pits |   1217 |   1130 |     87 |      0 |    881 |   5 |  243.4 |
  Orcish Mines |   4087 |   3917 |    170 |   1085 |   1642 |   2 | 2043.5 |
   Elven Halls |   3377 |   3276 |    101 |    760 |   1253 |   3 | 1125.7 |
        Wizlab |     10 |     10 |      0 |      0 |      0 |   1 |   10.0 |
      Gauntlet |    194 |    194 |      0 |      3 |     96 |   1 |  194.0 |
               +--------+--------+--------+--------+--------+-----+--------+

Top non-repeatable levels by time:
   Orc:2: 2255 daAuts
     D:2: 1990 daAuts
  Lair:6: 1987 daAuts
     D:5: 1953 daAuts
     D:7: 1948 daAuts
     D:8: 1940 daAuts
    D:10: 1922 daAuts
     D:6: 1890 daAuts
  Lair:4: 1857 daAuts
   Orc:1: 1831 daAuts
Shoals:4: 1661 daAuts
     D:9: 1414 daAuts
  Lair:5: 1406 daAuts
Spider:1: 1363 daAuts
   Elf:1: 1320 daAuts
